 Dungeon Crawl Stone Soup version 0.29.1-15-g9cfb28693d (webtiles) character file.

Game seed: 2277068014654914457

617 bnorton916 the Magician (level 7, -1/36 HPs)
             Began as a Deep Elf Fire Elementalist on Mar 2, 2023.
             Was an Initiate of Gozag.
             Killed by divine providence
             ... invoked by an orc priest
              (14 damage)
             ... on level 5 of the Dungeon.
             The game lasted 00:04:51 (6106 turns).

bnorton916 the Magician (DEFE)                      Turns: 6106, Time: 00:04:52

Health: -1/36      AC:  6    Str:  5    XL:     7   Next: 21%
Magic:  9/18       EV: 28    Int: 22    God:    Gozag
Gold:   437        SH:  0    Dex: 22    Spells: 11/18 levels left

rFire   . . .      SeeInvis .   l - +9 whip "Bocas" {freeze, Dex+7}
rCold   + . .      Faith    .   (no shield)
rNeg    . . .      Spirit   .   a - +0 robe
rPois   .          Reflect  .   (no helmet)
rElec   .          Harm     .   (no cloak)
rCorr   .          Rampage  .   (no gloves)
Will    .....                   (no boots)
Stlth   +++.......              A - amulet of the acrobat
HPRegen 0.12/turn               v - +4 ring of protection
MPRegen 0.16/turn               y - ring of protection from cold

@: gold aura, acrobatic
A: no striking features
a: Renounce Religion, Potion Petition, Call Merchant, Bribe Branch


You were on level 5 of the Dungeon.
You worshipped Gozag.
Gozag was aware of your devotion.
You visited 2 branches of the dungeon, and saw 6 of its levels.

You collected 515 gold pieces.
You paid 78 gold pieces to Gozag.

Inventory:

Hand Weapons
 d - a +0 dagger of venom
 l - the +9 whip "Bocas" (weapon) {freeze, Dex+7}
   (You found it on level 2 of the Dungeon)

   It freezes those it strikes, dealing additional cold damage.
   It can also slow down cold-blooded creatures.
   Dex:       It affects your dexterity (+7).
 s - a +1 short sword of draining
Missiles
 q - 11 poisoned darts
Armour
 a - a +0 robe (worn)
 m - a +0 buckler
Jewellery
 t - an amulet of magic regeneration
 v - a +4 ring of protection (left hand)
 y - a ring of protection from cold (right hand)
 A - an amulet of the acrobat (around neck)
Scrolls
 c - 2 scrolls of amnesia {unknown}
 e - 3 scrolls of identify {unknown}
 g - 3 scrolls of teleportation {unknown}
 j - a scroll of poison {unknown}
 k - a scroll of fog {unknown}
 n - a scroll of summoning {unknown}
 o - a scroll of magic mapping {unknown}
 p - 2 scrolls of noise {unknown}
 u - 2 scrolls of vulnerability {unknown}
 w - a scroll of fear {unknown}
 z - a scroll of brand weapon {unknown}
Potions
 b - a potion of magic
 f - 4 potions of curing {unknown}
 h - a potion of mutation {unknown}
 i - a potion of invisibility {unknown}
 r - 2 potions of lignification {unknown}
 x - a potion of flight {unknown}


   Skills:
 - Level 2.4 Dodging
 - Level 2.4 Stealth
 + Level 6.0 Spellcasting
 + Level 4.4 Conjurations
 + Level 5.5 Fire Magic
 + Level 3.4 Earth Magic


You had 11 spell levels left.
You knew the following spells:

 Your Spells              Type           Power      Damage    Failure   Level
a - Foxfire               Conj/Fire      100%       2x1d9     1%          1
b - Scorch                Fire           62%        2d8       1%          2
c - Conjure Flame         Conj/Fire      28%        6-21      3%          3
d - Sandblast             Erth           42%        2d11      2%          1

Your spell library contained the following spells:

 Spells                   Type           Power      Damage    Failure   Level
 Stone Arrow              Conj/Erth      46%        3d9       5%          3
 Passwall                 Tmut/Erth      11%        N/A       7%          2
 Inner Flame              Hex/Fire       18%        N/A       9%          3
 Flame Wave               Conj/Fire      28%        2d9       12%         4
 Summon Guardian Golem    Hex/Summ       6%         N/A       26%         3
 Animate Armour           Summ/Erth      28%        N/A       41%         4
 Orb of Destruction       Conj           13%        9d7       100%        7
 Spellforged Servitor     Conj/Summ      8%         N/A       100%        7
 Lehudib's Crystal Spear  Conj/Erth      11%        10d4      100%        8


Dungeon Overview and Level Annotations

Branches:
Dungeon (5/15)             Temple (1/1) D:4

Altars:
Cheibriados
Gozag
Kikubaaqudgha
Makhleb
Ru
Sif Muna
Vehumet
Lugonu

Portals:
Abyss: Temple

Annotations:
D:3 1 runed translucent door, Midpoint's ghost, weakling PaDe
D:5 3 runed translucent doors, jtron's ghost, novice SpEn


Message History

Confirm with . or Enter, or press ? or * to list all spells.
You conjure some foxfire!
The orc priest looks satisfied for a moment.
The foxfire hits the orc priest.
The orc priest is lightly wounded.
Casting: Foxfire (safe; 1% risk of failure)
Confirm with . or Enter, or press ? or * to list all spells.
You conjure some foxfire!
The foxfire hits the orc priest.
The orc priest is moderately wounded.
An adder comes into view.
The foxfire hits the orc!
You kill the orc!
The foxfire hits the orc priest.
The orc priest is heavily wounded.
The orc priest mumbles some strange prayers to Beogh against you.
Beogh smites you!
Casting: Foxfire (safe; 1% risk of failure)
Confirm with . or Enter, or press ? or * to list all spells.
You conjure some foxfire!
The foxfire hits the adder.
The adder is lightly wounded.
Casting: Foxfire (safe; 1% risk of failure)
Confirm with . or Enter, or press ? or * to list all spells.
You conjure some foxfire!
The foxfire hits the adder!
The adder is almost dead.
The foxfire hits the adder.
The adder is almost dead.
The foxfire hits the adder!
You kill the adder!
The orc priest invokes the aid of Beogh against you.
You struggle to resist.
Casting: Foxfire (safe; 1% risk of failure)
Confirm with . or Enter, or press ? or * to list all spells.
Flames lash the orc priest.
The orc priest is almost dead.
The orc priest's fire resistance burns away.
The orc priest mumbles some strange prayers to Beogh against you.
Beogh smites you!
You die...
Your body crumbles into a pile of gold.

##.#.####.###.# # ##
#ยง#.........#.# .# ##
##...####...#.###.##8.
8. ##.## ##........##..
.. #.# #.##.#...#_.. ..
#.# ##.##..#####. ..
#.# #..o$.##.# 8 8.
##.#####.$#.#..# ##
##...#...@.#.#.## ####
# #......##.##..##
#..#####
#.......##.##.##
##......
#.......##.##..##
##..#####
#.......##..#.#.###...#
##......###......#....#
##...#.# #...###.#..##
##.##.# #...# #.#..# ..
.# #...###....#


You could see an orc priest (combustible).

Vanquished Creatures
  A water moccasin (D:5)
  An ogre (D:5)
  A crimson imp (D:4)
  2 jellies
  A hound (D:5)
  3 iguanas (D:5)
  2 orc wizards (D:5)
  9 adders
  4 ufetubi
  A worm (D:3)
  2 dart slugs
  7 orcs (D:5)
  5 ball pythons
  6 endoplasms
  4 giant cockroaches
  3 goblins
  7 hobgoblins
  2 jackals (D:2)
  2 quokkas
  7 bats
  6 frilled lizards
  7 kobolds
  3 rats
86 creatures vanquished.

Vanquished Creatures (collateral kills)
  5 foxfires (D:3)
5 creatures vanquished.

Vanquished Creatures (others)
  343 foxfires
  A withered plant (D:3)
344 creatures vanquished.

Grand Total: 435 creatures vanquished

Notes
Turn   | Place    | Note
-------+----------+-------------------------------------------
     0 | D:1      | bnorton916 the Deep Elf Fire Elementalist began the quest
                  | for the Orb.
     0 | D:1      | Reached XP level 1. HP: 10/10 MP: 6/6
   251 | D:1      | Reached XP level 2. HP: 15/15 MP: 5/8
  1288 | D:2      | Reached XP level 3. HP: 19/19 MP: 5/10
  1291 | D:2      | Learned a level 2 spell: Scorch
  1295 | D:2      | Learned a level 3 spell: Conjure Flame
  1546 | D:2      | Identified the +9 whip "Bocas" {freeze, Dex+7}
  1764 | D:2      | Found a sacrificial altar of Ru.
  2182 | D:3      | Noticed Midpoint's ghost (weakling PaDe)
  2185 | D:3      | Found a runed translucent door.
  2218 | D:3      | Reached skill level 4 in Spellcasting
  2536 | D:3      | Learned a level 1 spell: Sandblast
  2566 | D:3      | Found a faded altar of an unknown god.
  2606 | D:3      | Found an ancient bone altar of Kikubaaqudgha.
  3219 | D:3      | Reached XP level 4. HP: 24/24 MP: 8/12
  3508 | D:4      | Found a staircase to the Ecumenical Temple.
  3518 | Temple   | Entered the Ecumenical Temple
  3614 | Temple   | Found a one-way gate to the infinite horrors of the Abyss.
  3656 | D:4      | Found an opulent altar of Gozag.
  3676 | D:4      | Became a worshipper of Gozag Ym Sagoz the Greedy
  3686 | D:4      | Reached skill level 1 in Earth Magic
  4226 | D:4      | Reached XP level 5. HP: 22/28 MP: 13/13
  4424 | D:4      | Found a burning altar of Makhleb.
  4424 | D:4      | Found a radiant altar of Vehumet.
  4746 | D:5      | Entered Level 5 of the Dungeon
  4783 | D:5      | Reached skill level 5 in Spellcasting
  5099 | D:5      | Reached XP level 6. HP: 32/32 MP: 15/15
  5182 | D:5      | Reached skill level 5 in Fire Magic
  5526 | D:5      | Found a shimmering blue altar of Sif Muna.
  5804 | D:5      | Found a runed translucent gate.
  5805 | D:5      | Found a runed translucent gate.
  5806 | D:5      | Found a runed translucent gate.
  5808 | D:5      | Noticed jtron's ghost (novice SpEn)
  5858 | D:5      | Noticed a water moccasin
  5866 | D:5      | Killed a water moccasin
  5867 | D:5      | Reached XP level 7. HP: 36/36 MP: 11/17
  5998 | D:5      | Found a snail-covered altar of Cheibriados.
  6034 | D:5      | Reached skill level 6 in Spellcasting
  6106 | D:5      | Killed from afar by an orc priest

Illustrated notes

Levels and vault maps discovered:
D:1:      saegor_arrival_simple_a, layout_loops_cross, hangedman_feature_mirror
D:2:      layout_loops_ring, basic_altar
D:3:      minmay_inner_zag, layout_loops_cross, kiku_gazebo_garden_becter,
          ebering_ecumenical_altar_sacrificial, hellmonk_ghost_happy_afterlife
D:4:      layout_loops_corners, grunt_temple_overflow_lords_of_destruction,
          nicolae_gozag_seed_capital, minmay_temple_entry_arrows,
          eino_tiny_chamber
D:5:      layout_loops_ring, kennysheep_orc_sif_temple, minitemple,
          nicolae_overflow_hidden_temple, gammafunk_ghost_necromancy
Temple:   nicolae_temple_total_abyssal_victory

Skill      XL: |  1  2  3  4  5  6  7 |
---------------+----------------------+-----
Conjurations   | 2 3 4 |  4.4
Fire Magic     | 4 5 |  5.5
Spellcasting   | 4 5 6 |  6.0
Earth Magic    | 1 2 3 |  3.4
Dodging        | |  2.4
Stealth        | |  2.4

Action                   |  1- 3 |  4- 6 |  7- 9 || total
-------------------------+-------+-------+-------++-------
Melee: Whip              |     1 |     9 |       ||    10
 Cast: Foxfire           |   153 |    47 |    20 ||   220
       Scorch            |     3 |    24 |     3 ||    30
 Stab: Sleeping          |       |     1 |       ||     1
Armor: Robe              |     5 |     8 |       ||    13
Dodge: Dodged            |    24 |    28 |     5 ||    57
